AoeStats
← NotGG

Arena

509725626Analyzed
4v4 RM · 5d ago on Sep 27, 2026· 50m 58s· 8 players
Game mode
Random Map
Map size
Large (8 player)
Population
200
Speed
Normal
Resources
Standard
Victory
Conquest
Starting age
Dark Age
Ending age
Imperial Age
RankedLock teamsTeams togetherTeam positionsShared explorationLock speedFull tech treeHidden civsTurbo modeCheats
Victory
Defeat
🇦🇷 Cumans · Argentina
1221
+14
🇦🇷 Georgians · Argentina
1184
+16
🇨🇱 Saxons · Chile
1179
+16
🇨🇱 Britons · Chile
1161
+17
🇬🇧 Koreans · United Kingdom
1198
-16
🇸🇪 Britons · Sweden
1194
-16
🇪🇸 Bohemians · Spain
1181
-16
🇹🇷 Burgundians · Türkiye
1165
-15
NotGG
9:40 Feudal Age
10:15 Double-Bit Axe
12:25 Town Watch
15:10 Castle Age
13:52 Horse Collar
14:02 Gold Mining
18:56 Fervor
21:47 Wheelbarrow
24:38 Stone Mining
26:24 Town Patrol
29:10 Imperial Age
27:01 Hand Cart
27:09 Fortified Wall
27:28 Treadmill Crane
28:41 Loom
29:26 Svan Towers
30:05 Fletching
29:49 Elite Monaspa
31:19 Forging
31:15 Scale Barding Armor
32:42 Iron Casting
33:24 Bloodlines
33:27 Husbandry
33:27 Guard Tower
35:16 Blast Furnace
34:36 Chain Barding Armor
34:29 Bodkin Arrow
36:22 Chemistry
36:00 Siege Engineers
36:41 Keep
36:34 Bracer
37:18 Plate Barding Armor
38:07 Conscription
38:28 Aznauri Cavalry
46:01 Ballistics
45:51 Masonry
45:54 Padded Archer Armor
45:54 Scale Mail Armor
48:05 Hoardings
47:00 Sappers
49:51 Leather Archer Armor
49:52 Chain Mail Armor
49:48 Bow Saw
49:40 Heavy Plow
50:18 Stone Shaft Mining
GhosTSnihsa
8:53 Feudal Age
9:38 Double-Bit Axe
10:41 Horse Collar
12:43 Loom
17:38 Loom
17:59 Gold Mining
19:21 Wheelbarrow
22:23 Castle Age
21:22 Bloodlines
21:23 Forging
21:20 Scale Barding Armor
21:45 Stone Mining
23:32 Town Watch
24:02 Hand Cart
24:01 Bow Saw
23:53 Heavy Plow
25:12 Gold Shaft Mining
26:39 Chain Barding Armor
26:54 Iron Casting
33:02 Imperial Age
31:09 Fletching
32:02 Steppe Husbandry
33:03 Cavalier
34:20 Plate Barding Armor
34:45 Blast Furnace
34:08 Conscription
35:04 Two-Man Saw
34:35 Crop Rotation
34:02 Bodkin Arrow
34:39 Paladin
37:17 Elite Kipchak
37:57 Cuman Mercenaries
42:05 Padded Archer Armor
43:43 Chemistry
43:03 Ballistics
46:10 Leather Archer Armor
45:54 Murder Holes
46:10 Masonry
50:54 Ring Archer Armor
Calcetin
8:14 Loom
10:24 Feudal Age
15:18 Castle Age
13:36 Double-Bit Axe
13:50 Horse Collar
23:06 Gold Mining
24:08 Fortified Wall
24:41 Bow Saw
24:35 Heavy Plow
26:33 Wheelbarrow
27:17 Stone Mining
31:01 Imperial Age
29:09 Fletching
29:20 Padded Archer Armor
29:46 Ballistics
29:57 Elite Skirmisher
31:00 Crossbowman
33:10 Chemistry
32:44 Yeomen
31:59 Arbalester
32:55 Bodkin Arrow
35:58 Bracer
36:13 Leather Archer Armor
38:39 Ring Archer Armor
42:11 Elite Longbowman
44:39 Two-Man Saw
Chelowolf
9:58 Feudal Age
11:12 Loom
12:16 Double-Bit Axe
16:14 Castle Age
14:52 Scale Mail Armor
14:41 Arson
15:09 Horse Collar
26:21 Fletching
28:16 Bodkin Arrow
30:11 Chain Mail Armor
32:09 Forging
35:21 Imperial Age
34:01 Squires
33:50 Gambesons
34:16 Pikeman
35:49 Iron Casting
37:11 Plate Mail Armor
36:59 Halberdier
40:55 Conscription
39:59 Shield Wall
43:41 Bracer
44:29 Wheelbarrow
44:51 Man-at-Arms
46:32 Hand Cart
47:38 Elite Varangian Guard
49:07 Long Swordsman
50:44 Two-Handed Swordsman
ikaros
10:52 Feudal Age
14:27 Castle Age
12:15 Double-Bit Axe
15:56 Bow Saw
15:31 Horse Collar
16:04 Loom
23:10 Gold Mining
29:45 Imperial Age
27:36 Fletching
27:35 Town Watch
28:19 Bodkin Arrow
28:49 Ballistics
28:46 Padded Archer Armor
30:01 Yeomen
30:32 Bracer
31:15 Leather Archer Armor
31:54 Conscription
35:40 Chemistry
36:39 Gold Shaft Mining
36:11 Pikeman
37:13 Scale Mail Armor
36:45 Elite Longbowman
38:51 Halberdier
39:31 Squires
42:40 Chain Mail Armor
44:20 Wheelbarrow
Barral
10:46 Feudal Age
14:28 Castle Age
13:12 Loom
17:01 Double-Bit Axe
23:56 Fletching
25:44 Wagenburg Tactics
29:07 Pikeman
29:47 Squires
29:33 Arson
29:45 Horse Collar
31:42 Bodkin Arrow
36:34 Imperial Age
36:24 Chemistry
35:45 Ballistics
37:51 Conscription
37:49 Forging
37:40 Scale Mail Armor
39:08 Halberdier
41:48 Town Watch
42:38 Wheelbarrow
42:51 Iron Casting
42:33 Chain Mail Armor
50:51 Blast Furnace
50:21 Plate Mail Armor
50:34 Heavy Scorpion
CorumluTony
4:43 Double-Bit Axe
10:25 Feudal Age
12:20 Loom
14:57 Castle Age
13:19 Gold Mining
14:29 Bow Saw
15:00 Scale Barding Armor
15:24 Forging
16:05 Husbandry
16:26 Horse Collar
22:06 Cavalier
23:10 Chain Barding Armor
24:20 Iron Casting
27:53 Wheelbarrow
27:20 Heavy Plow
27:20 Stone Mining
28:34 Two-Man Saw
30:16 Imperial Age
27:40 Town Watch
28:09 Fletching
28:51 Ballistics
29:08 Hand Cart
29:21 Bodkin Arrow
29:27 Padded Archer Armor
31:03 Leather Archer Armor
30:23 Paladin
31:44 Plate Barding Armor
32:58 Chemistry
33:56 Blast Furnace
33:48 Light Cavalry
34:44 Pikeman
35:26 Squires
35:12 Arson
35:45 Masonry
35:47 Fortified Wall
35:56 Leather Archer Armor
36:19 Gold Shaft Mining
36:50 Town Patrol
36:58 Bracer
38:30 Conscription
40:55 Stone Shaft Mining
40:23 Murder Holes
39:51 Halberdier
40:34 Scale Mail Armor
41:39 Chain Mail Armor
40:54 Hussar
43:47 Plate Mail Armor
43:59 Burgundian Vineyards
46:28 Hoardings
Searching for food
11:20 Feudal Age
15:27 Castle Age
13:47 Double-Bit Axe
16:47 Loom
18:53 Bow Saw
21:46 Horse Collar
23:56 Wheelbarrow
23:07 Town Watch
23:37 Scale Mail Armor
24:02 Heavy Plow
26:00 Squires
26:47 Hand Cart
27:39 Gold Mining
29:11 Chain Mail Armor
29:07 Forging
30:01 Ballistics
29:52 Fortified Wall
33:14 Imperial Age
33:29 Elite Fire Lancer
35:44 Chemistry
34:50 Siege Engineers
34:56 Masonry
36:29 Conscription
37:50 Plate Mail Armor
38:53 Gold Shaft Mining
39:32 Eupseong
39:36 Fletching
40:22 Iron Casting
39:59 Pikeman
40:57 Bodkin Arrow
41:25 Arrowslits
41:36 Murder Holes
41:13 Halberdier
42:47 Bracer
45:08 Architecture
44:19 Treadmill Crane
44:28 Arson
46:14 Elite Skirmisher
Connection lost

Rejoining the realm…

Still unreachable

The connection could not be restored.

Session expired

The server has moved on; the page needs a fresh start.